 Dungeon Crawl Stone Soup version 0.28-a0-616-gdeb3d7f7b4 (webtiles) character file.

Game seed: 6075738301571544465

45 MirrMurr the Sneak (level 3, 0/16 HPs)
             Began as a Spriggan Enchanter on Oct 6, 2021.
             Succumbed to an adder's poison
             ... on level 2 of the Dungeon.
             The game lasted 00:03:01 (1480 turns).

MirrMurr the Sneak (Spriggan Enchanter)             Turns: 1480, Time: 00:03:02

Health: 0/16       AC:  3    Str:  5    XL:     3   Next: 42%
Magic:  2/8        EV: 17    Int: 16    God:
Gold:   32         SH:  0    Dex: 15    Spells: 2/7 levels left

rFire   . . .      SeeInvis +   a - +1 dagger
rCold   . . .      Faith    .   (shield restricted)
rNeg    . . .      Spirit   .   b - +0 robe
rPois   .          Reflect  .   f - +1 hat
rElec   .          Harm     .   (no cloak)
rCorr   .          Rampage  .   (gloves unavailable)
Will    .....                   (boots unavailable)
Stlth   +++.......              (no amulet)
HPRegen 0.05/turn               (no ring)
MPRegen 0.11/turn               (no ring)

@: lethally poisoned (0 -> -5), very quick
A: very small, no large weapons, unfitting armour, see invisible, speed 3
a: no special abilities


You were on level 2 of the Dungeon.
You visited 1 branch of the dungeon, and saw 2 of its levels.

You collected 32 gold pieces.

Inventory:

Hand Weapons
 a - a +1 dagger (weapon)
Missiles
 e - 64 stones (quivered)
Armour
 b - a +0 robe (worn)
 f - a +1 hat (worn)
Scrolls
 i - a scroll of identify
Potions
 c - a potion of invisibility
 g - 2 potions of brilliance
 h - a potion of flight


   Skills:
 + Level 2.7 Short Blades
 - Level 2.6 Dodging
 + Level 5.8 Stealth
 - Level 2.6 Spellcasting
 - Level 3.6 Hexes


You had 2 spell levels left.
You knew the following spells:

 Your Spells              Type           Power      Damage    Failure   Level
a - Ensorcelled Hibernat  Hex/Ice        14%        N/A       14%         2
b - Confusing Touch       Hex            13%        N/A       13%         3

Your spell library contained the following spells:

 Spells                   Type           Power      Damage    Failure   Level
 Tukima's Dance           Hex            13%        N/A       13%         3
 Dazzling Flash           Conj/Hex       14%        N/A       28%         3


Dungeon Overview and Level Annotations

Branches:
Dungeon (2/15)

Altars:
Uskayaw


Innate Abilities, Weirdness & Mutations

You are very small and have problems with some larger weapons.
You are too small for most types of armour.
You have supernaturally acute eyesight. (SInv)
You cover ground extremely quickly. (Speed+++)


Message History

The adder hisses angrily.
Casting: Ensorcelled Hibernation (safe; 14% risk of failure)
Confirm with . or Enter, or press ? or * to list all spells.
Aiming: Ensorcelled Hibernation (safe; 14% risk of failure)
Press: ? - help, Shift-Dir - straight line, f - hobgoblin
Aim: a hobgoblin (chance to affect: 56%)
The hobgoblin resists with significant effort.
The hobgoblin misses you. The adder closely misses you.
Casting: Ensorcelled Hibernation (safe; 14% risk of failure)
Confirm with . or Enter, or press ? or * to list all spells.
Aiming: Ensorcelled Hibernation (safe; 14% risk of failure)
Press: ? - help, Shift-Dir - straight line, f - adder, p - hobgoblin
Aim: an adder (chance to affect: 48%)
The adder resists with some effort.
The adder bites you.
You hit the adder.
The adder is moderately wounded.
The adder bites you.
You are poisoned.
The adder poisons you! The hobgoblin completely misses you.
The goblin barely misses you.
Casting: Ensorcelled Hibernation (safe; 14% risk of failure)
Confirm with . or Enter, or press ? or * to list all spells.
Aiming: Ensorcelled Hibernation (safe; 14% risk of failure)
Press: ? - help, Shift-Dir - straight line, f/p - adder
Aim: an adder (moderately wounded, chance to affect: 48%)
The adder resists with some effort.
You feel sick. The adder bites you.
You are lethally poisoned!
The adder poisons you! The hobgoblin closely misses you.
The adder barely misses you. The goblin barely misses you.
You feel sick. The hobgoblin misses you.
* * * LOW HITPOINT WARNING * * *
You feel sick.
* * * LOW HITPOINT WARNING * * *
You feel sick.
Okay, then.
* * * LOW HITPOINT WARNING * * *
You feel sick.
* * * LOW HITPOINT WARNING * * *
You feel sick.
You die...

#...........#
#.#.........## ..
#..........# .
#....<.....#
####.#####.## ###.#
#..# ###...## ##.##
###...#..# #..#
#####.@..###.## ##.#
###.g....#......# #.#
###..S##.##.......##
#.#
#....S.#..#..⌠.....#
#.#
#...#..g.##..#.......##
#.## ..#
#..#..#......#....#
#..# . ....
..##...#....#.# ##.#
#..⌠. ...#..)†..###.#
#.# ##...
#..##...###...# #.#


You could see an adder and a hobgoblin.

Vanquished Creatures
  A gnoll (D:1)
  A worm (D:2)
  3 endoplasms
  4 giant cockroaches
  2 goblins (D:1)
  3 hobgoblins
  A jackal (D:2)
  A quokka (D:2)
  2 ball pythons
  4 bats (D:1)
  4 kobolds
  5 rats
31 creatures vanquished.

Notes
Turn   | Place    | Note
-------+----------+-------------------------------------------
     0 | D:1      | MirrMurr the Spriggan Enchanter began the quest for the
                  | Orb.
     0 | D:1      | Reached XP level 1. HP: 9/9 MP: 5/5
   500 | D:1      | Reached XP level 2. HP: 12/13 MP: 6/6
   508 | D:1      | Learned a level 2 spell: Ensorcelled Hibernation
   559 | D:1      | Reached skill level 5 in Stealth
   971 | D:1      | Reached XP level 3. HP: 16/16 MP: 8/8
   975 | D:1      | Learned a level 3 spell: Confusing Touch
  1057 | D:1      | Found a hide-covered altar of Uskayaw.
  1480 | D:2      | Succumbed to an adder's poison

Illustrated notes

Levels and vault maps discovered:
D:1:      dpeg_arrival_lava_altar, layout_loops_ring, minmay_cut_off
D:2:      minmay_skewed_foursquare, layout_basic, kennysheep_decorative_pillar

Skill      XL: |  1  2 |
---------------+-------+-----
Stealth        | 5 |  5.8
Short Blades   | 2 |  2.7
Dodging        | |  2.6
Spellcasting   | |  2.6
Hexes          | |  3.6

Action                   || total
-------------------------++-------
Melee: Dagger            ||   139
 Cast: Ensorcelled Hiber ||     9
  Use: Scroll            ||     3
 Stab: Sleeping          ||     9
Armor: Robe              ||    18
Dodge: Dodged            ||   132

Table legend: (Time is in decaauts)
 A = Elapsed time spent in this place.
 B = Non-inter-level travel time spent in this place.
 C = Inter-level travel time spent in this place.
 D = Time resting spent in this place.
 E = Time spent auto-exploring this place.
 F = Levels seen in this place.
 G = Mean time per level.
                   A        B        C        D        E       F      G
               +--------+--------+--------+--------+--------+-----+--------+
         Total |   1171 |   1157 |     14 |      0 |    867 |   2 |  585.5 |
       Dungeon |   1171 |   1157 |     14 |      0 |    867 |   2 |  585.5 |
               +--------+--------+--------+--------+--------+-----+--------+

Top non-repeatable levels by time:
     D:1: 843 daAuts
     D:2: 328 daAuts
